 Dungeon Crawl Stone Soup version 0.28.0-43-g3370ac3207 (webtiles) character file.

Game seed: 2890088717756545925

10693 RepoMan the Geomancer (level 11, -12/93 HPs)
             Began as a Naga Earth Elementalist on Mar 9, 2022.
             Was a Believer of Wu Jian.
             Mangled by a komodo dragon (20 damage)
             ... on level 1 of the Lair of Beasts.
             The game lasted 01:19:38 (12195 turns).

RepoMan the Geomancer (Naga Earth Elementalist)    Turns: 12195, Time: 01:19:38

Health: -12/93     AC:  7    Str: 10    XL:     11   Next: 66%
Magic:  9/17       EV: 10    Int: 20    God:    Wu Jian [**....]
Gold:   975        SH:  0    Dex: 12    Spells: 2/18 levels left

rFire   . . .      SeeInvis +   a - +6 flail
rCold   . . .      Faith    .   (no shield)
rNeg    . . .      Spirit   .   w - +0 steam dragon scales
rPois   +          Reflect  .   (no helmet)
rElec   .          Harm     .   r - scarf {repulsion}
rCorr   .          Rampage  .   p - +0 pair of gloves
Will    +....                   (no barding)
Stlth   ++........              (no amulet)
HPRegen 0.25/turn               v - ring of wizardry
MPRegen 0.15/turn               A - ring of wizardry

@: repel missiles, very slow
A: AC +3, large, see invisible, deformed body, poison resistance, slowness 2,
spit poison 1, naga tail 1
a: Spit Poison, Renounce Religion, Wall Jump


You were on level 1 of the Lair of Beasts.
You worshipped Wu Jian.
Wu Jian was pleased with you.
You visited 4 branches of the dungeon, and saw 14 of its levels.

You collected 975 gold pieces.

Inventory:

Hand Weapons
 a - a +6 flail (weapon)
 g - a +2 vampiric dagger
 n - a +1 rapier of venom
 E - a +4 scimitar of flaming
Missiles
 c - 194 stones
Armour
 p - a +0 pair of gloves (worn)
 r - a scarf of repulsion (worn)
 w - +0 steam dragon scales (worn)
Jewellery
 v - a ring of wizardry (left hand)
 A - a ring of wizardry (right hand)
Wands
 b - a wand of iceblast (1)
 e - a wand of flame (16)
 l - a wand of digging (3)
Scrolls
 i - 2 scrolls of silence
 j - a scroll of brand weapon {unknown}
 o - 3 scrolls of enchant armour
 x - 2 scrolls of immolation
 y - a scroll of enchant weapon
 z - a scroll of amnesia {unknown}
 B - a scroll of noise {unknown}
 C - a scroll of teleportation
 F - a scroll of magic mapping {unknown}
Potions
 d - 2 potions of mutation
 f - 2 potions of flight
 k - 2 potions of might {unknown}
 m - 2 potions of berserk rage {unknown}
 q - a potion of curing {unknown}
 t - a potion of lignification {unknown}
 u - 2 potions of heal wounds


   Skills:
 + Level 4.8 Fighting
 + Level 7.9 Maces & Flails
 - Level 1.5 Dodging
 - Level 3.0 Stealth
 - Level 4.0 Spellcasting
 + Level 8.7 Transmutations
 * Level 12.6 Earth Magic


You had 2 spell levels left.
You knew the following spells:

 Your Spells              Type           Power      Damage    Failure   Level
a - Stone Arrow           Conj/Erth      58%        3d10      1%          3
b - Beastly Appendage     Tmut           78%        N/A       1%          1
p - Petrify               Tmut/Erth      46%        N/A       1%          4
s - Sandblast             Erth           100%       2d20      1%          1
w - Wereblood             Tmut           39%        N/A       1%          2
S - Spider Form           Tmut/Pois      21%        N/A       1%          3
W - Passwall              Tmut/Erth      38%        N/A       1%          2

Your spell library contained the following spells:

 Spells                   Type           Power      Damage    Failure   Level
 Slow                     Hex            16%        N/A       3%          1
 Ignite Poison            Fire/Tmut/Pois 15%        N/A       3%          3
 Confusing Touch          Hex            4%         N/A       11%         3
 Conjure Flame            Conj/Fire      4%         6-21      11%         3
 Ozocubu's Armour         Ice            4%         N/A       11%         3
 Vampiric Draining        Necr           4%         2d6       11%         3
 Sticky Flame             Conj/Fire      4%         2d3       30%         4
 Ozocubu's Refrigeration  Ice            2%         4d5       100%        7


Dungeon Overview and Level Annotations

Branches:
Dungeon (11/15)            Temple (1/1) D:4            Lair (1/6) D:11
    Orc (1/2) D:10

Altars:
Dithmenos
Elyvilon
Fedhas
Gozag
Hepliaklqana
Kikubaaqudgha
Nemelex Xobeh
Okawaru
Ru
Sif Muna
Trog
Uskayaw
Vehumet
Wu Jian
The Shining One

Shops:
D:8 *   D:9 =

Annotations:
D:4 exclusion: door, Sigmund
D:9 exclusion: obsidian statue


Innate Abilities, Weirdness & Mutations

Your serpentine skin is tough. (AC +3)
You have supernaturally acute eyesight. (SInv)
Armour fits poorly on your strangely shaped body.
Your system is resistant to poisons. (rPois)
You cover ground very slowly.
You can spit poison.
You have a snake-like lower body.


Message History

The wolf is heavily wounded.
You thump the wolf!
The wolf is severely wounded.
You repeatedly attack the wolf from above.
You hit the wolf.
The wolf is moderately wounded.
You sock the wolf!
The wolf is heavily wounded.
You repeatedly attack the cane toad from above.
You sock the cane toad!
The cane toad is moderately wounded.
You hit the cane toad.
The cane toad is moderately wounded.
You sock the cane toad!
The cane toad is moderately wounded.
The wolf stops moving altogether!
The cane toad stops moving altogether!
The wolf barely misses you. The wolf bites you but does no damage.
The wolf closely misses you. The wolf barely misses you. x2
The wolf bites you but does no damage. The wolf misses you.
Unknown command.
Aiming: Wall Jump
Press: ? - help, Dir - move target
Found a great mace.
You repeatedly attack the wolf from above.
You barely miss the wolf.
The wolf is heavily wounded.
You sock the wolf!
The wolf is almost dead.
You sock the wolf!
You kill the wolf!
The Council accepts your kill. The wolf bites you!
* * * LOW HITPOINT WARNING * * *
The wolf bites you!
* * * LOW HITPOINT WARNING * * *
The wolf pauses to sniff the ground.
The wolf bites you!
* * * LOW HITPOINT WARNING * * *
The komodo dragon bites you!!
You die...

▒▒.$.▒ ......
▒▒▒▒......
▒▒.........
▒▒........▒
▒▒▒.F.<.▒..▒
▒▒.°.h.▒▒...▒
▒▒....°○▒..▒.▒
▒...(..h@○..▒
▒
▒......l○○▒▒▒
▒.......▒▒▒
▒..▒...>.▒
....[..▒..
..........
..▒....
.P▒...)


You could see a komodo dragon, a cane toad (petrified) and 2 wolves.

Vanquished Creatures
  Erica (D:8)
  6 two-headed ogres
  Joseph (D:7)
  2 trolls
  2 hornets
  2 shadows (D:9)
  Eustachio (D:4)
  A wyvern (D:9)
  2 wraiths (D:10)
  A vampire (D:10)
  A steam dragon (D:7)
  A warg (D:10)
  2 water moccasins
  A hornet zombie (D:6)
  An ice beast (D:8)
  A sky beast (D:6)
  4 orc warriors
  2 black bears
  2 necrophages
  2 ogres
  2 centaurs
  2 wolves (Lair:1)
  A phantom (D:4)
  2 kobold brigands
  4 bullfrogs
  A water moccasin zombie (D:6)
  A gnoll sergeant (D:8)
  3 scorpions
  A water moccasin skeleton (D:5)
  8 wights
  2 howler monkeys
  A bullfrog zombie (D:4)
  3 hounds
  10 orc priests
  A centaur zombie (D:7)
  2 bullfrog skeletons (D:5)
  A centaur skeleton (D:6)
  A gnoll shaman (D:8)
  Jessica (D:2)
  4 iguanas
  14 orc wizards
  A killer bee zombie (D:8)
  2 hound skeletons
  6 adders
  9 gnolls
  2 shadow imps
  A white imp (D:7)
  An adder skeleton (D:2)
  2 worms
  2 dart slugs
  46 orcs
  5 ball pythons
  2 bats
  4 endoplasms
  2 giant cockroaches
  4 goblins
  6 hobgoblins
  7 jackals
  10 kobolds
  5 quokkas
  3 frilled lizards
  4 rats
225 creatures vanquished.

Notes
Turn   | Place    | Note
-------+----------+-------------------------------------------
     0 | D:1      | RepoMan the Naga Earth Elementalist began the quest for the
                  | Orb.
     0 | D:1      | Reached XP level 1. HP: 15/15 MP: 3/3
   153 | D:1      | Reached XP level 2. HP: 22/22 MP: 5/5
   236 | D:1      | Learned a level 2 spell: Passwall
   739 | D:2      | Reached XP level 3. HP: 28/28 MP: 6/6
   829 | D:2      | Reached skill level 4 in Earth Magic
   878 | D:2      | Noticed a scorpion
   894 | D:2      | Killed a scorpion
   895 | D:2      | Reached XP level 4. HP: 25/36 MP: 1/7
  1195 | D:2      | Noticed Jessica
  1198 | D:2      | Killed Jessica
  1199 | D:2      | Reached XP level 5. HP: 43/43 MP: 8/8
  1716 | D:3      | Reached skill level 5 in Earth Magic
  1822 | D:3      | Reached skill level 1 in Fighting
  2048 | D:3      | Found a radiant altar of Vehumet.
  2303 | D:3      | Reached XP level 6. HP: 51/51 MP: 3/9
  2446 | D:3      | Learned a level 3 spell: Stone Arrow
  2963 | D:4      | Reached XP level 7. HP: 37/60 MP: 2/10
  3133 | D:4      | Reached skill level 6 in Earth Magic
  3408 | D:4      | Found a staircase to the Ecumenical Temple.
  3430 | Temple   | Entered the Ecumenical Temple
  3442 | Temple   | Became a worshipper of the Wu Jian Council
  3497 | D:4      | Reached skill level 1 in Maces & Flails
  3740 | D:4      | Noticed Sigmund
  3752 | D:4      | Noticed Eustachio
  3775 | D:4      | Killed Eustachio
  3776 | D:4      | Reached skill level 7 in Earth Magic
  3776 | D:4      | Reached XP level 8. HP: 68/68 MP: 7/12
  4124 | D:5      | Entered Level 5 of the Dungeon
  4160 | D:5      | Found a shadowy altar of Dithmenos.
  4411 | D:5      | Learned a level 1 spell: Beastly Appendage
  4414 | D:5      | Learned a level 2 spell: Wereblood
  4427 | D:5      | Learned a level 3 spell: Spider Form
  4612 | D:5      | Reached skill level 5 in Transmutations
  4917 | D:5      | Reached skill level 8 in Earth Magic
  5597 | D:6      | Reached XP level 9. HP: 63/74 MP: 6/13
  6077 | D:6      | Reached * piety under Wu Jian
  6414 | D:7      | Noticed a hornet
  6437 | D:7      | Killed a hornet
  6438 | D:7      | Reached skill level 9 in Earth Magic
  6548 | D:7      | Found an opulent altar of Gozag.
  6548 | D:7      | Found an iron altar of Okawaru.
  6637 | D:7      | Learned a level 4 spell: Petrify
  6764 | D:7      | Reached skill level 5 in Maces & Flails
  6848 | D:7      | Noticed Joseph
  6895 | D:7      | Killed Joseph
  6896 | D:7      | Reached XP level 10. HP: 30/85 MP: 6/16
  7202 | D:7      | Reached skill level 10 in Earth Magic
  7456 | D:8      | Reached ** piety under Wu Jian
  7573 | D:8      | Paralysed by a hornet for 2 turns
  7819 | D:8      | Found a large runed translucent door.
  7822 | D:8      | Found a large runed translucent door.
  7866 | D:8      | Found a white marble altar of Elyvilon.
  7899 | D:8      | Noticed a two-headed ogre
  7912 | D:8      | Killed a two-headed ogre
  8014 | D:8      | Found a glowing golden altar of the Shining One.
  8077 | D:8      | Noticed Erica
  8083 | D:8      | Killed Erica
  8255 | D:8      | Found Guos's Serpentskin Sales.
  8258 | D:8      | Reached skill level 11 in Earth Magic
  8703 | D:9      | Noticed an obsidian statue
  8894 | D:9      | Found Legailas's Jewellery Emporium.
  8998 | D:9      | Noticed a two-headed ogre
  9015 | D:9      | Killed a two-headed ogre
  9377 | D:10     | Entered Level 10 of the Dungeon
  9384 | D:10     | Reached XP level 11. HP: 92/92 MP: 15/17
  9582 | D:10     | Noticed a two-headed ogre
  9641 | D:10     | Killed a two-headed ogre
  9800 | D:10     | Found a shimmering blue altar of Sif Muna.
  9832 | D:10     | Reached skill level 12 in Earth Magic
  9965 | D:10     | Found a staircase to the Orcish Mines.
 10704 | D:10     | Found a sacrificial altar of Ru.
 10799 | Orc:1    | Entered Level 1 of the Orcish Mines
 11487 | D:11     | Noticed a two-headed ogre
 11496 | D:11     | Killed a two-headed ogre
 11528 | D:11     | Noticed a two-headed ogre
 11544 | D:11     | Killed a two-headed ogre
 11549 | D:11     | Noticed a two-headed ogre
 11560 | D:11     | Killed a two-headed ogre
 11856 | D:11     | Found a staircase to the Lair.
 12184 | Lair:1   | Entered Level 1 of the Lair of Beasts
 12195 | Lair:1   | Mangled by a komodo dragon

Illustrated notes

Levels and vault maps discovered:
D:1:      minmay_arrival_semitransparent, layout_basic
D:2:      layout_basic, minmay_misc_feat_roman, uniq_jessica
D:3:      layout_loops_corners, lemuel_tele_altar
D:4:      layout_rooms, minmay_temple_entry_glass, sigmund_army, uniq_eustachio
D:5:      layout_loops_cross, mainiacjoe_overflow_boulevard, grunt_ministairs_10
D:6:      layout_gridville
D:7:      layout_basic, jmf_multi_god_temple, uniq_joseph
D:8:      layout_rooms, jmf_multi_god_temple2, hangedman_decor_slide_cut,
          guppyfry_shop_venom, uniq_erica
D:9:      layout_roguey, serial_shops, nicolae_shop_advertising_works
          [nicolae_subvault_shop_adworks], minmay_protected_statue
D:10:     layout_irregular_city, led_sif_book, lemuel_crystal_altar, erik_orc_4
D:11:     layout_loops_ring, lair_entry_dummy
Temple:   nicolae_temple_great_sept
Lair:1:   layout_cave_shapes, nzn_ghost_randoct, infiniplex_staircase_pool_2
Orc:1:    layout_diamond_mine, serial_shops

Skill      XL: |  1  2  3  4  5  6  7  8  9 10 11 |
---------------+----------------------------------+-----
Transmutations | 2 3 4 5 6 7 8 |  8.7
Earth Magic    | 4 5 7 8 9 11 12 | 12.6
Fighting       | 1 2 4 |  4.8
Maces & Flails | 2 3 5 6 7 |  7.9
Spellcasting   | 3 4 |  4.0
Dodging        | |  1.5
Stealth        | |  3.0

Action                   |  1- 3 |  4- 6 |  7- 9 | 10-12 || total
-------------------------+-------+-------+-------+-------++-------
Melee: Dagger            |     7 |    12 |     1 |       ||    20
       Punch             |       |     1 |     1 |     5 ||     7
       Flail             |       |       |    53 |   102 ||   155
       Headbutt          |       |       |       |     1 ||     1
Throw: Stone             |     1 |       |     2 |       ||     3
       Dart              |       |       |     1 |       ||     1
 Cast: Sandblast         |    16 |    51 |   112 |    71 ||   250
       Stone Arrow       |       |     2 |    24 |    41 ||    67
       Passwall          |       |       |     1 |       ||     1
       Petrify           |       |       |       |    14 ||    14
       Beastly Appendage |       |       |       |     2 ||     2
       Spider Form       |       |       |       |     1 ||     1
       Wereblood         |       |       |       |     1 ||     1
Invok: Lunge             |       |       |    17 |    21 ||    38
       Whirlwind         |       |       |     4 |    11 ||    15
 Abil: Spit Poison       |    23 |    32 |    47 |    37 ||   139
       Wall Jump         |       |       |       |     2 ||     2
Evoke: Wand              |       |       |       |    12 ||    12
  Use: Potion            |     2 |       |     1 |     1 ||     4
       Scroll            |       |     5 |     2 |     5 ||    12
 Stab: Sleeping          |       |     1 |       |     6 ||     7
       Petrified         |       |       |       |    31 ||    31
Armor: Robe              |     2 |     3 |    19 |       ||    24
       Steam dragon scal |       |       |     7 |    33 ||    40
Dodge: Dodged            |     5 |    16 |    50 |    52 ||   123
       Repelled          |       |       |       |     1 ||     1
